TOP OF THE 1ST |
Colorado Commanders batting - Pitching for Saskatoon Smokin' Guns : RHP William Bryan
|
Pitching: RHP William Bryan
|
|
Batting: RHB Arnold Harmon
|
0-0: Swinging Strike 0-1: Fly out, F9 (Flyball, 9D)
|
Batting: LHB Rafael Delgado
|
0-0: Called Strike 0-1: Ball 1-1: Foul Ball, location: 2F 1-2: Strikes out looking
|
Batting: RHB Emílio Bruno
|
0-0: Called Strike 0-1: SINGLE (Line Drive, 8RS)
|
Batting: RHB Diego Francisco
|
0-0: Ball 1-0: Called Strike 1-1: Ball 2-1: Foul Ball, location: 2F 2-2: Foul Ball, location: 2F 2-2: Foul Ball, location: 2F 2-2: Ball 3-2: Base on Balls Emílio Bruno to second
|
Batting: SHB George Adams
|
0-0: Foul Ball, location: 2F 0-1: Swinging Strike 0-2: Ball 1-2: Ball 2-2: Foul Ball, location: 2F 2-2: Strikes out swinging
|
Top of the 1st over - 0 run(s), 1 hit(s), 0 error(s), 2 left on base; Colorado 0 - Saskatoon 0 |
BOTTOM OF THE 1ST |
Saskatoon Smokin' Guns batting - Pitching for Colorado Commanders : RHP Tony Henderson
|
Pitching: RHP Tony Henderson
|
|
Batting: RHB Tom Rowe
|
0-0: Called Strike 0-1: Ball 1-1: Ground out 5-3 (Groundball, 56S)
|
Batting: LHB Russell Peck
|
0-0: Ball 1-0: Ball 2-0: Called Strike 2-1: Swinging Strike 2-2: Ball 3-2: Strikes out swinging
|
Batting: RHB António Yánez
|
0-0: Ball 1-0: Called Strike 1-1: Called Strike 1-2: Foul Ball, location: 2F 1-2: Strikes out swinging
|
Bottom of the 1st over - 0 run(s), 0 hit(s), 0 error(s), 0 left on base; Colorado 0 - Saskatoon 0 |
TOP OF THE 2ND |
Colorado Commanders batting - Pitching for Saskatoon Smokin' Guns : RHP William Bryan
|
Batting: RHB Tim Adkins
|
0-0: Ball 1-0: Foul Ball, location: 2F 1-1: Foul Ball, location: 2F 1-2: Ball 2-2: Foul Ball, location: 2F 2-2: Strikes out swinging
|
Batting: RHB Emiel van Rhee
|
0-0: Ball 1-0: Ball 2-0: Ball 3-0: Called Strike 3-1: Base on Balls
|
Batting: LHB John Nicholson
|
0-0: Called Strike 0-1: Ball 1-1: Foul Ball, location: 2F 1-2: Ball 2-2: Ball 3-2: Strikes out swinging
|
Batting: SHB Scott Compton
|
0-0: Called Strike 0-1: Ball 1-1: Swinging Strike 1-2: Strikes out swinging
|
Top of the 2nd over - 0 run(s), 0 hit(s), 0 error(s), 1 left on base; Colorado 0 - Saskatoon 0 |
BOTTOM OF THE 2ND |
Saskatoon Smokin' Guns batting - Pitching for Colorado Commanders : RHP Tony Henderson
|
Batting: LHB Raúl Casillán
|
0-0: Swinging Strike 0-1: Foul Ball, location: 2F 0-2: Foul Ball, location: 2F 0-2: Foul Ball, location: 2F 0-2: Strikes out swinging
|
Batting: LHB Alejandro Rojas
|
0-0: Called Strike 0-1: Swinging Strike 0-2: Ball 1-2: Strikes out looking
|
Batting: RHB César Rodríguez
|
0-0: Swinging Strike 0-1: Foul Ball, location: 2F 0-2: Strikes out swinging
|
Bottom of the 2nd over - 0 run(s), 0 hit(s), 0 error(s), 0 left on base; Colorado 0 - Saskatoon 0 |
TOP OF THE 3RD |
Colorado Commanders batting - Pitching for Saskatoon Smokin' Guns : RHP William Bryan
|
Batting: RHB Arnold Harmon
|
0-0: Called Strike 0-1: Ball 1-1: Ball 2-1: Swinging Strike 2-2: Strikes out looking
|
Batting: LHB Rafael Delgado
|
0-0: Ball 1-0: Called Strike 1-1: Swinging Strike 1-2: Strikes out swinging
|
Batting: RHB Emílio Bruno
|
0-0: Called Strike 0-1: Ground out 4-3 (Groundball, 4M)
|
Top of the 3rd over - 0 run(s), 0 hit(s), 0 error(s), 0 left on base; Colorado 0 - Saskatoon 0 |
BOTTOM OF THE 3RD |
Saskatoon Smokin' Guns batting - Pitching for Colorado Commanders : RHP Tony Henderson
|
Batting: RHB Jason O'Toole
|
0-0: Foul Ball, location: 2F 0-1: Foul Ball, location: 2F 0-2: Ball 1-2: Ground out 5-3 (Groundball, 5L)
|
Batting: RHB Paul Swift
|
0-0: Ball 1-0: Ball 2-0: Ground out 5-3 (Groundball, 5S)
|
Batting: LHB Bo Rush
|
0-0: Called Strike 0-1: Ball 1-1: Ball 2-1: Called Strike 2-2: Strikes out swinging
|
Bottom of the 3rd over - 0 run(s), 0 hit(s), 0 error(s), 0 left on base; Colorado 0 - Saskatoon 0 |
TOP OF THE 4TH |
Colorado Commanders batting - Pitching for Saskatoon Smokin' Guns : RHP William Bryan
|
Batting: RHB Diego Francisco
|
0-0: Ball 1-0: Foul Ball, location: 2F 1-1: Ball 2-1: Ball 3-1: Foul Ball, location: 2F 3-2: Strikes out looking
|
Batting: SHB George Adams
|
0-0: Foul Ball, location: 2F 0-1: Called Strike 0-2: Ball 1-2: DOUBLE (Line Drive, 5L)
|
Batting: RHB Tim Adkins
|
0-0: Called Strike 0-1: Fly out, F8 (Flyball, 8RM)
|
Batting: RHB Emiel van Rhee
|
0-0: Foul Ball, location: 2F 0-1: Foul Ball, location: 2F 0-2: Strikes out looking
|
Top of the 4th over - 0 run(s), 1 hit(s), 0 error(s), 1 left on base; Colorado 0 - Saskatoon 0 |
BOTTOM OF THE 4TH |
Saskatoon Smokin' Guns batting - Pitching for Colorado Commanders : RHP Tony Henderson
|
Batting: RHB Tom Rowe
|
0-0: Foul Ball, location: 2F 0-1: Foul Ball, location: 2F 0-2: Ball 1-2: Foul Ball, location: 2F 1-2: Strikes out swinging
|
Batting: LHB Russell Peck
|
0-0: Foul Ball, location: 2F 0-1: Ball 1-1: Fly out, F8 (Flyball, 8RM)
|
Batting: RHB António Yánez
|
0-0: Called Strike 0-1: Ball 1-1: Called Strike 1-2: Strikes out swinging
|
Bottom of the 4th over - 0 run(s), 0 hit(s), 0 error(s), 0 left on base; Colorado 0 - Saskatoon 0 |
TOP OF THE 5TH |
Colorado Commanders batting - Pitching for Saskatoon Smokin' Guns : RHP William Bryan
|
Batting: LHB John Nicholson
|
0-0: Ball 1-0: Ball 2-0: Ball 3-0: Base on Balls
|
Batting: SHB Scott Compton
|
0-0: Ball 1-0: Swinging Strike 1-1: Called Strike 1-2: Strikes out swinging
|
Batting: RHB Arnold Harmon
|
0-0: Called Strike 0-1: Swinging Strike 0-2: Ball 1-2: Foul Ball, location: 2F 1-2: Foul Ball, location: 2F 1-2: Ball 2-2: Foul Ball, location: 2F 2-2: Foul Ball, location: 2F 2-2: Ball 3-2: Base on Balls John Nicholson to second
|
Pitching: LHP Macy Catron
|
|
Batting: LHB Rafael Delgado
|
0-0: Foul Ball, location: 2F 0-1: Ball 1-1: Swinging Strike 1-2: Strikes out swinging
|
Batting: RHB Emílio Bruno
|
0-0: Ball 1-0: Swinging Strike 1-1: Ball 2-1: Swinging Strike 2-2: Strikes out looking
|
Top of the 5th over - 0 run(s), 0 hit(s), 0 error(s), 2 left on base; Colorado 0 - Saskatoon 0 |
BOTTOM OF THE 5TH |
Saskatoon Smokin' Guns batting - Pitching for Colorado Commanders : RHP Tony Henderson
|
Batting: LHB Raúl Casillán
|
0-0: Ball 1-0: Called Strike 1-1: Ball 2-1: Ball 3-1: Fly out, F9 (Flyball, 89M)
|
Batting: LHB Alejandro Rojas
|
0-0: Called Strike 0-1: Swinging Strike 0-2: Strikes out looking
|
Batting: RHB César Rodríguez
|
0-0: Ball 1-0: Swinging Strike 1-1: Ball 2-1: Swinging Strike 2-2: Ball 3-2: Strikes out looking
|
Bottom of the 5th over - 0 run(s), 0 hit(s), 0 error(s), 0 left on base; Colorado 0 - Saskatoon 0 |
TOP OF THE 6TH |
Colorado Commanders batting - Pitching for Saskatoon Smokin' Guns : LHP Macy Catron
|
Batting: RHB Diego Francisco
|
0-0: Ball 1-0: Swinging Strike 1-1: Ball 2-1: Ball 3-1: Base on Balls
|
Batting: SHB George Adams
|
0-0: Called Strike 0-1: Fly out, F3 (Line Drive, 3)
|
Batting: RHB Tim Adkins
|
0-0: Called Strike 0-1: Fly out, F9 (Flyball, 9M)
|
Batting: RHB Emiel van Rhee
|
0-0: Called Strike 0-1: Called Strike 0-2: Ball 1-2: Foul Ball, location: 2F 1-2: Strikes out swinging
|
Top of the 6th over - 0 run(s), 0 hit(s), 0 error(s), 1 left on base; Colorado 0 - Saskatoon 0 |
BOTTOM OF THE 6TH |
Saskatoon Smokin' Guns batting - Pitching for Colorado Commanders : RHP Tony Henderson
|
Batting: RHB Jason O'Toole
|
0-0: Ball 1-0: Ball 2-0: Called Strike 2-1: Swinging Strike 2-2: Foul Ball, location: 2F 2-2: DOUBLE (Flyball, 89XD)
|
Batting: RHB Paul Swift
|
0-0: Called Strike 0-1: Fly out, F3 (Popup, 3F)
|
Batting: LHB Bo Rush
|
0-0: Ball 1-0: Called Strike 1-1: Fly out, F9 (Flyball, 89M)
|
Batting: RHB Tom Rowe
|
0-0: Ball 1-0: SINGLE (Line Drive, 89S) Jason O'Toole to third
|
Batting: LHB Russell Peck
|
0-0: Ball Wild Pitch! Jason O'Toole scores Tom Rowe to second 1-0: Called Strike 1-1: Swinging Strike 1-2: Ball 2-2: Ball 3-2: Ground out 6-3 (Groundball, 6M)
|
Bottom of the 6th over - 1 run(s), 2 hit(s), 0 error(s), 1 left on base; Colorado 0 - Saskatoon 1 |
TOP OF THE 7TH |
Colorado Commanders batting - Pitching for Saskatoon Smokin' Guns : LHP Macy Catron
|
Batting: LHB John Nicholson
|
0-0: Ball 1-0: Ball 2-0: Fly out, F7 (Flyball, 78M)
|
Pitching: LHP Manuel Gil
|
|
Batting: SHB Scott Compton
|
0-0: Swinging Strike 0-1: Ground out 5-3 (Groundball, 56)
|
Batting: RHB Arnold Harmon
|
0-0: Called Strike 0-1: Swinging Strike 0-2: Foul Ball, location: 2F 0-2: Ball 1-2: Strikes out looking
|
Top of the 7th over - 0 run(s), 0 hit(s), 0 error(s), 0 left on base; Colorado 0 - Saskatoon 1 |
BOTTOM OF THE 7TH |
Saskatoon Smokin' Guns batting - Pitching for Colorado Commanders : RHP Tony Henderson
|
Pitching: RHP Manuel Zarate
|
|
Batting: RHB António Yánez
|
0-0: Ball 1-0: Swinging Strike 1-1: Swinging Strike 1-2: Strikes out looking
|
Batting: LHB Raúl Casillán
|
0-0: Foul Ball, location: 2F 0-1: Swinging Strike 0-2: Strikes out swinging
|
Batting: LHB Alejandro Rojas
|
0-0: Called Strike 0-1: Ball 1-1: Called Strike 1-2: Strikes out swinging
|
Bottom of the 7th over - 0 run(s), 0 hit(s), 0 error(s), 0 left on base; Colorado 0 - Saskatoon 1 |
TOP OF THE 8TH |
Colorado Commanders batting - Pitching for Saskatoon Smokin' Guns : LHP Manuel Gil
|
Batting: LHB Rafael Delgado
|
0-0: Ball 1-0: Called Strike 1-1: SINGLE (Groundball, 56D)
|
Pitching: RHP Lorenzo Montáñez
|
|
Batting: RHB Emílio Bruno
|
0-0: Ball 1-0: Called Strike 1-1: Called Strike 1-2: Strikes out swinging
|
Batting: RHB Diego Francisco
|
0-0: Called Strike 0-1: Called Strike 0-2: Foul Ball, location: 2F 0-2: Strikes out looking
|
Batting: SHB George Adams
|
0-0: Called Strike 0-1: Ball 1-1: Foul Ball, location: 2F 1-2: Strikes out swinging
|
Top of the 8th over - 0 run(s), 1 hit(s), 0 error(s), 1 left on base; Colorado 0 - Saskatoon 1 |
BOTTOM OF THE 8TH |
Saskatoon Smokin' Guns batting - Pitching for Colorado Commanders : RHP Manuel Zarate
|
Batting: RHB César Rodríguez
|
0-0: Ball 1-0: Called Strike 1-1: Ball 2-1: Ball 3-1: Called Strike 3-2: Strikes out swinging
|
Batting: RHB Jason O'Toole
|
0-0: Called Strike 0-1: Ball 1-1: Foul Ball, location: 2F 1-2: Ball 2-2: Ground out 5-3 (Groundball, 56)
|
Batting: RHB Paul Swift
|
0-0: Foul Ball, location: 2F 0-1: DOUBLE (Flyball, 9LD) - OUT at third base trying to stretch hit.
|
Bottom of the 8th over - 0 run(s), 1 hit(s), 0 error(s), 0 left on base; Colorado 0 - Saskatoon 1 |
TOP OF THE 9TH |
Colorado Commanders batting - Pitching for Saskatoon Smokin' Guns : RHP Lorenzo Montáñez
|
Pitching: RHP Clayton Hawkins
|
|
Now in CF: Xavier López
|
|
Pinch Hitting: RHB John Dinkins
|
0-0: Ball 1-0: Foul Ball, location: 2F 1-1: Fly out, F7 (Flyball, 78M)
|
Pinch Hitting: LHB Gary Kern
|
0-0: Foul Ball, location: 2F 0-1: Foul Ball, location: 2F 0-2: Ball 1-2: Strikes out swinging
|
Batting: LHB John Nicholson
|
0-0: Ball 1-0: Ball 2-0: Ball 3-0: Base on Balls
|
Batting: SHB Scott Compton
|
0-0: Called Strike 0-1: Ball 1-1: Ball 2-1: Ball 3-1: Base on Balls John Nicholson to second
|
Batting: RHB Arnold Harmon
|
0-0: Called Strike 0-1: Foul Ball, location: 2F 0-2: Ball 1-2: Ball 2-2: Ball 3-2: Base on Balls John Nicholson to third Scott Compton to second
|
Batting: LHB Rafael Delgado
|
0-0: Called Strike 0-1: Called Strike 0-2: Ball 1-2: Foul Ball, location: 2F 1-2: DOUBLE (Flyball, 9LM) John Nicholson scores Scott Compton scores Arnold Harmon to third Runner from 3rd tries for Home, SAFE, no throw or cutoff
|
Pitching: RHP Daniel Casey
|
|
Batting: RHB Emílio Bruno
|
0-0: Called Strike 0-1: Ball 1-1: Ground out 6-3 (Groundball, 6)
|
Top of the 9th over - 3 run(s), 1 hit(s), 0 error(s), 1 left on base; Colorado 3 - Saskatoon 1 |
BOTTOM OF THE 9TH |
Saskatoon Smokin' Guns batting - Pitching for Colorado Commanders : RHP Manuel Zarate
|
Pitching: RHP Tomás Rodríguez
|
|
Now at 3B: Gary Kern
|
|
Now at SS: John Dinkins
|
|
Batting: LHB Bo Rush
|
0-0: Ball 1-0: Foul Ball, location: 2F 1-1: Ball 2-1: Ball 3-1: Foul Ball, location: 2F 3-2: Base on Balls
|
Pinch Runner at 1st Luis Suárez:
|
|
Pinch Hitting: RHB Kenny Thompson
|
0-0: Called Strike 0-1: Ball 1-1: Ball 2-1: Ball Wild Pitch! Luis Suárez to second 3-1: Base on Balls
|
Batting: LHB Russell Peck
|
0-0: Sac Bunt - play at first, batter OUT! 1-4 Luis Suárez to third Kenny Thompson to second
|
Batting: RHB António Yánez
|
0-0: Ball 1-0: Ball 2-0: Called Strike 2-1: Ball 3-1: Called Strike 3-2: Foul Ball, location: 2F 3-2: Base on Balls
|
Pinch Hitting: RHB Pedro Núñez
|
0-0: Ball 1-0: Ball 2-0: Ball 3-0: Base on Balls Luis Suárez scores Kenny Thompson to third António Yánez to second
|
Pinch Hitting: LHB Andrew Veeck
|
0-0: Foul Ball, location: 2F 0-1: Ball 1-1: Foul Ball, location: 2F 1-2: Grounds into fielders choice 4-2 (Groundball, 4) António Yánez to third Pedro Núñez to second
|
Pinch Hitting: RHB Gary Spencer
|
0-0: Called Strike 0-1: Called Strike 0-2: Ball 1-2: Ball 2-2: Strikes out swinging
|
Bottom of the 9th over - 1 run(s), 0 hit(s), 0 error(s), 3 left on base; Colorado 3 - Saskatoon 2 |
|